 Dungeon Crawl Stone Soup version 0.18-a0-1778-gadce9fa (webtiles) character file.

639 epen the Slasher (level 7, 0/62 HPs)
             Began as a Naga Gladiator on Apr 16, 2016.
             Slain by Pikel
             ... wielding a +2 whip of flaming
              (4 damage)
             ... on level 4 of the Dungeon.
             The game lasted 00:13:23 (5821 turns).

epen the Slasher (Naga Gladiator)                   Turns: 5821, Time: 00:13:23

Health: 0/62       AC: 11    Str: 21    XL:     7   Next: 50%
Magic:  16/16      EV:  9    Int:  9    God:
Gold:   167        SH:  4    Dex: 11    Spells: 0 memorised, 6 levels left

rFire  . . .     SeeInvis +     y - +0 dagger (protect)
rCold  . . .     Gourm    +     e - +0 ring mail
rNeg   . . .     Faith    .     h - +1 buckler
rPois  +         Spirit   .     (helmet restricted)
rElec  +         Dismiss  .     (no cloak)
rCorr  .         Reflect  .     q - +0 pair of gloves
SustAt .         Harm     .     (no barding)
MR     .....                    j - amulet of the gourmand
Stlth  ++........               (no ring)
                                v - ring of magical power

@: short of breath, very slow, not resistant to hostile enchantments, unstealthy
A: antennae 1, see invisible, deformed body, poison resistance, electricity
resistance, slowness 2, slow regeneration 1, slow metabolism 1, spit poison 2,
strong 1, AC +2
a: Spit Poison


You were on level 4 of the Dungeon.
You were full.

You visited 1 branch of the dungeon, and saw 4 of its levels.

You collected 266 gold pieces.
You spent 99 gold pieces at shops.

Inventory:

Hand Weapons
 a - a +0 long sword
 n - a +2 dagger of freezing
 t - a +0 vampiric dagger
 w - a +2 short sword of draining
 y - a +0 dagger of protection (weapon)
Missiles
 d - 3 throwing nets (quivered)
Armour
 b - a +0 leather armour
 c - a +0 helmet
 e - a +0 ring mail (worn)
 h - a +1 buckler (worn)
 q - a +0 pair of gloves (worn)
Jewellery
 j - an amulet of the gourmand (around neck)
 l - an uncursed amulet of dismissal
 v - a ring of magical power (left hand)
Scrolls
 i - 2 scrolls of enchant armour
 x - 3 scrolls of teleportation
Potions
 g - a potion of haste {unknown}
 p - a potion of curing {unknown}
 s - a potion of invisibility {unknown}
 u - a potion of ambrosia {unknown}
 z - a potion of beneficial mutation {unknown}
Comestibles
 f - 2 bread rations
 k - a beef jerky
 o - 3 meat rations
 r - a royal jelly


   Skills:
 + Level 3.0 Fighting
 * Level 5.6 Long Blades
 - Level 1.7 Throwing
 + Level 1.9 Armour
 * Level 4.6 Dodging
 - Level 3.0 Stealth


You had 6 spell levels left.
You didn't know any spells.

Dungeon Overview and Level Annotations

Branches:
Dungeon (4/15)
 Temple: D:4-7

Altars:
Ashenzari
Kikubaaqudgha
Pakellas
Qazlal
The Shining One

Shops:
D:4 ?

Annotations:
D:4 Pikel


Innate Abilities, Weirdness & Mutations

You cannot wear boots.
Your serpentine skin is tough (AC +2).
You have supernaturally acute eyesight.
Armour fits poorly on your strangely shaped body.
Your system is resistant to poisons.
You cover ground very slowly.
You have a slow metabolism.
You can spit poison.
You have a pair of small antennae on your head.
You are resistant to electric shocks.
You regenerate slowly when monsters are visible.
Your muscles are strong. (Str +2)


Message History

Pikel is moderately wounded.
You hit Pikel but do no damage.
Pikel is moderately wounded.
You have got your breath back.
Pikel hits you with a whip of flaming.
* * * LOW HITPOINT WARNING * * *
Pikel burns you.
* * * LOW HITPOINT WARNING * * *
Press: ? - help, Shift-Dir - straight line, f/p - Pikel
Aim: Pikel, wielding a whip of flaming and wearing a robe (moderately wounded, poisoned)
The splash of poison hits Pikel.
Pikel appears unharmed.
Pikel is moderately wounded.
You feel slightly less full. Pikel hits you with a whip of flaming.
* * * LOW HITPOINT WARNING * * *
Pikel burns you.
* * * LOW HITPOINT WARNING * * *
You closely miss Pikel.
Pikel is moderately wounded.
Pikel hits you with a whip of flaming.
You die...

#.....## #.#
#....#######
#.....(# #.#
#####...).).
#....#.# #.#
#)######
######.###.# #[#
#.p##.#####
#.###
##p##.....#
#...#
#pp#.###.###...#
##K#.((..)..)..#
#@..###(###...#
##.†)...# #...#
#####..#####
#...# #....#)###
#...# #........#
##### #.....>..#
###......#
#......#
#......#


You could see Pikel and 4 slaves.

Vanquished Creatures
  A black bear (D:4)
  An ogre (D:4)
  A water moccasin skeleton (D:4)
  A howler monkey (D:4)
  An orc priest (D:4)
  2 iguanas (D:4)
  An orc wizard (D:4)
  2 worker ants (D:4)
  A hound skeleton (D:4)
  Robin (D:4)
  9 adders
  An ooze (D:4)
  2 worms (D:2)
  2 dart slugs
  4 giant geckos
  9 orcs
  2 ball pythons (D:2)
  A giant cockroach (D:3)
  12 hobgoblins
  3 quokkas
  13 bats
  3 giant newts
  15 goblins
  8 kobolds
  A quokka skeleton (D:4)
  9 rats
106 creatures vanquished.

Notes
Turn   | Place    | Note
--------------------------------------------------------------
     0 | D:1      | epen the Naga Gladiator began the quest for the Orb.
     0 | D:1      | Reached XP level 1. HP: 19/19 MP: 1/1
   394 | D:1      | Reached skill level 1 in Stealth
   396 | D:1      | Reached XP level 2. HP: 23/26 MP: 2/2
  1016 | D:1      | Reached XP level 3. HP: 25/32 MP: 3/3
  1424 | D:1      | Gained mutation: You regenerate slowly when monsters are visible. [potion of mutation]
  1424 | D:1      | Gained mutation: You are resistant to electric shocks. [potion of mutation]
  1425 | D:1      | Gained mutation: Your muscles are strong. (Str +2) [potion of mutation]
  1425 | D:1      | Gained mutation: You have a pair of small antennae on your head. [potion of mutation]
  2088 | D:2      | Found an ancient bone altar of Kikubaaqudgha.
  2246 | D:2      | Found a stormy altar of Qazlal.
  2498 | D:2      | Reached XP level 4. HP: 36/39 MP: 4/4
  3158 | D:3      | Found an oddly glowing altar of Pakellas.
  3468 | D:3      | Reached skill level 4 in Long Blades
  3665 | D:3      | Reached XP level 5. HP: 37/45 MP: 5/5
  4080 | D:4      | Found a shattered altar of Ashenzari.
  4080 | D:4      | Noticed Pikel
  4080 | D:4      | Noticed a slave
  4080 | D:4      | Noticed a slave
  4080 | D:4      | Noticed a slave
  4080 | D:4      | Noticed a slave
  4081 | D:4      | Noticed a black bear
  4579 | D:4      | Reached XP level 6. HP: 35/52 MP: 6/6
  4610 | D:4      | Reached skill level 1 in Armour
  4627 | D:4      | Noticed Robin
  4952 | D:4      | Killed Robin
  5021 | D:4      | Reached skill level 5 in Long Blades
  5033 | D:4      | Reached XP level 7. HP: 39/61 MP: 7/7
  5201 | D:4      | Found a glowing golden altar of the Shining One.
  5253 | D:4      | Found Ucihid's Magic Scroll Emporium.
  5259 | D:4      | Bought a scroll of teleportation for 33 gold pieces
  5259 | D:4      | Bought a scroll of teleportation for 33 gold pieces
  5259 | D:4      | Bought a scroll of teleportation for 33 gold pieces
  5821 | D:4      | Slain by Pikel

Vault maps used:
D:1:      nicolae_arrival_memento_mori, minmay_crystal_water,
          minmay_tree_intersection
D:2:      lemuel_crystal_altar, serial_bayou_ford_a, grunt_qazlal_clouds
D:3:      grunt_pakellas_sulfur
D:4:      ashenzari_conservatory_becter, nicolae_overflow_hidden_temple,
          serial_shops, shop, first_bread, uniq_pikel, uniq_robin

Skill      XL: |  1  2  3  4  5  6  7 |
---------------+----------------------+-----
Stealth        | 1 2 3 |  3.0
Dodging        | 3 4 |  4.6
Long Blades    | 4 5 |  5.6
Armour         | 1 |  1.9
Fighting       | 3 |  3.0
Throwing       | |  1.7

Action                   |  1- 3 |  4- 6 |  7- 9 || total
-------------------------+-------+-------+-------++-------
Melee: Long sword        |   133 |    36 |       ||   169
       Dagger            |       |   199 |   141 ||   340
       Short sword       |       |    32 |     3 ||    35
 Abil: Spit Poison       |     2 |    17 |    14 ||    33
  Use: Scroll            |     4 |     5 |       ||     9
       Potion            |     2 |       |     3 ||     5
 Stab: Sleeping          |     2 |     5 |       ||     7
  Eat: Chunk             |     4 |    20 |     1 ||    25
Armor: Leather armour    |    16 |       |       ||    16
       Ring mail         |    45 |    70 |    60 ||   175
Dodge: Dodged            |    88 |    96 |    58 ||   242
Block: Buckler           |    32 |    36 |    21 ||    89
